 Dungeon Crawl Stone Soup version 0.30-a0-652-gcc886f7154 (webtiles) character file.

Game seed: 1384673959218294759

287 Newt the Skirmisher (level 6, -1/38 HPs)
             Began as a Kobold Hunter on Jan 17, 2023.
             Slain by Duvessa
             ... wielding a +1 short sword of holy wrath
              (2 damage)
             ... on level 4 of the Dungeon.
             The game lasted 00:03:16 (2585 turns).

Newt the Skirmisher (Kobold Hunter)                 Turns: 2585, Time: 00:03:17

Health: -1/38      AC:  8    Str:  9    XL:     6   Next: 56%
Magic:  6/6        EV: 15    Int: 10    God:
Gold:   99         SH:  0    Dex: 20    Spells: 5/5 levels left

rFire   . . .      SeeInvis .    a - +1 shortbow
rCold   . . .      Faith    .    (shield currently unavailable)
rNeg    . . .      Spirit   .    c - +0 leather armour
rPois   .          Reflect  .    (no helmet)
rElec   .          Harm     .    (no cloak)
rCorr   .          Rampage  .    k - +0 pair of gloves
Will    .....                    (no boots)
Stlth   +++                      (no amulet)
HPRegen 0.26/turn                d - +4 ring of protection
MPRegen 0.10/turn                (no ring)

@: flying
A: small, no large weapons, nightstalker 3
a: no special abilities


You were on level 4 of the Dungeon.
You visited 1 branch of the dungeon, and saw 4 of its levels.

You collected 232 gold pieces.
You spent 133 gold pieces at shops.

Inventory:

Hand Weapons
 a - a +1 shortbow (weapon)
Missiles
 n - 4 throwing nets
Armour
 c - a +0 leather armour (worn)
 k - a +0 pair of gloves (worn)
Jewellery
 d - a +4 ring of protection (left hand)
 l - a ring of fire
Scrolls
 b - a scroll of immolation
 e - 3 scrolls of teleportation
 f - 2 scrolls of silence
 h - a scroll of blinking
Potions
 i - a potion of might
 m - a potion of magic
 o - 2 potions of flight
 p - a potion of haste {unknown}
 r - a potion of attraction {unknown}
 s - a potion of lignification {unknown}
 u - a potion of mutation {unknown}


   Skills:
 - Level 4.0 Fighting
 - Level 8.0 Ranged Weapons
 + Level 3.4 Dodging
 - Level 3.0 Stealth


You had 5 spell levels left.
You didn't know any spells.
Your spell library was empty.

Dungeon Overview and Level Annotations

Branches:
Dungeon (4/15)
 Temple: D:4-7

Altars:
Dithmenos
Nemelex Xobeh

Shops:
D:1 [   D:3 ?

Annotations:
D:4 Dowan, Duvessa


Innate Abilities, Weirdness & Mutations

You are small and have problems with some larger weapons.
You are completely attuned to the shadows.


Message History

* * * LOW HITPOINT WARNING * * *
Dowan hits you with a +0 dagger.
* * * LOW HITPOINT WARNING * * *
It was a potion of magic.
Magic courses through your body.
Duvessa hits you with a +1 short sword of holy wrath.
* * * LOW HITPOINT WARNING * * *
Dowan hits you but does no damage. Duvessa barely misses you.
It was a potion of flight.
You feel very buoyant.
You fly up into the air.
Duvessa says, "Practise, practise, practise!
One day you'll be as good as me." Duvessa barely misses you.
Dowan casts a spell.
Dowan blinks!
You feel better. Duvessa hits you but does no damage.
Duvessa completely misses you.
You shoot an arrow. The arrow barely misses Duvessa.
The arrow barely misses Dowan.
Duvessa closely misses you. Duvessa barely misses you.
Dowan mumbles some strange words.
Dowan blinks!
You shoot an arrow. The arrow hits Duvessa!
Duvessa is heavily wounded.
Duvessa gestures with her weapon.
Duvessa hits you but does no damage.
You shoot an arrow.
The arrow hits Duvessa but does no damage.
Duvessa is heavily wounded.
Duvessa hits you with a +1 short sword of holy wrath.
* * * LOW HITPOINT WARNING * * *
Duvessa closely misses you.
You shoot an arrow.
The arrow hits Duvessa but does no damage.
Duvessa is heavily wounded.
You are no longer glowing.
Duvessa hits you with a +1 short sword of holy wrath!
* * * LOW HITPOINT WARNING * * *
Dowan says, "Stay away from my face!"
Duvessa hits you with a +1 short sword of holy wrath.
You die...

......# ......#
.#...## #...#
##.... #...#
#.§.§ ... #§§§§
#.# ##§§§ #.#####
#§§§ #.ee@.# ###§
#####.# ########
#§ #.# #......#
#) #.# #......#
#.
#.####......####.
#.........)......
######......#####
#.####.# #......#


You could see Duvessa (fast) and Dowan.

Vanquished Creatures
  A black bear (D:4)
  A scorpion (D:4)
  An iguana (D:3)
  3 gnolls (D:2)
  3 adders
  3 dart slugs
  2 orcs
  6 bats
  4 endoplasms
  A giant cockroach (D:2)
  4 goblins
  8 hobgoblins
  2 quokkas (D:1)
  2 ball pythons
  4 frilled lizards
  3 kobolds
  5 rats
53 creatures vanquished.

Notes
Turn   | Place    | Note
-------+----------+-------------------------------------------
     0 | D:1      | Newt the Kobold Hunter began the quest for the Orb.
     0 | D:1      | Reached XP level 1. HP: 12/12 MP: 1/1
     2 | D:1      | Noticed a tengu
     2 | D:1      | Noticed a demigod
     4 | D:1      | Noticed a spriggan
     6 | D:1      | Noticed a minotaur
     6 | D:1      | Noticed an elf
     8 | D:1      | Noticed a merfolk
     8 | D:1      | Noticed a gargoyle
    10 | D:1      | Noticed a draconian
    10 | D:1      | Noticed a troll
    12 | D:1      | Noticed a meteoran
    14 | D:1      | Noticed a ghoul
    14 | D:1      | Noticed an octopode
    16 | D:1      | Noticed a vine stalker
    18 | D:1      | Noticed a formicid
    18 | D:1      | Noticed a felid
    20 | D:1      | Noticed an ogre
    20 | D:1      | Noticed an armataur
    22 | D:1      | Noticed a demonspawn
    22 | D:1      | Noticed a naga
    24 | D:1      | Noticed a human
    24 | D:1      | Noticed a ghoul
    26 | D:1      | Noticed an elf
    26 | D:1      | Noticed an octopode
    82 | D:1      | Reached XP level 2. HP: 17/17 MP: 2/2
   207 | D:1      | Found Konoh's Armour Emporium.
   803 | D:2      | Reached XP level 3. HP: 13/23 MP: 3/3
   987 | D:2      | Reached XP level 4. HP: 24/29 MP: 4/4
  1648 | D:3      | Found Xeali's Magic Scroll Boutique.
  1653 | D:3      | Bought a scroll of enchant weapon for 105 gold pieces
  1653 | D:3      | Bought a scroll of identify for 28 gold pieces
  1737 | D:3      | Reached skill level 6 in Ranged Weapons
  1889 | D:3      | Found a shadowy altar of Dithmenos.
  1989 | D:3      | Reached XP level 5. HP: 33/33 MP: 5/5
  2075 | D:3      | Found a sparkling altar of Nemelex Xobeh.
  2265 | D:4      | Reached skill level 7 in Ranged Weapons
  2265 | D:4      | Reached XP level 6. HP: 34/38 MP: 6/6
  2298 | D:4      | Noticed a black bear
  2303 | D:4      | Killed a black bear
  2304 | D:4      | Reached skill level 8 in Ranged Weapons
  2562 | D:4      | Noticed Dowan
  2565 | D:4      | Noticed Duvessa
  2578 | D:4      | HP: 1/38 [Duvessa/+1 short sword of holy wrath (2)]
  2585 | D:4      | HP: 1/38 [Duvessa/+1 short sword of holy wrath (7)]
  2585 | D:4      | Slain by Duvessa

Illustrated notes

Levels and vault maps discovered:
D:1:      kb_arrival_jail, layout_loops_ring, serial_shops, nicolae_diamond_shop
D:2:      layout_loops_ring
D:3:      layout_basic, lemuel_doored_altar, lemuel_coloured_pillars_altar,
          serial_shops, nicolae_square_shop
D:4:      layout_loops_cross, ashenzari_conservatory_becter,
          gammafunk_ghost_abyssal_escape, minmay_manual_maat,
          uniq_blork_the_orc, uniq_duvessa

Skill      XL: |  1  2  3  4  5  6 |
---------------+-------------------+-----
Stealth        | 2 3 |  3.0
Fighting       | 3 4 |  4.0
Ranged Weapons | 6 7 8 |  8.0
Dodging        | 3 |  3.4

Action                   |  1- 3 |  4- 6 || total
-------------------------+-------+-------++-------
 Fire: Shortbow          |    75 |    97 ||   172
  Use: Scroll            |       |    10 ||    10
       Potion            |       |     5 ||     5
Armor: Leather armour    |    11 |    22 ||    33
Dodge: Dodged            |    43 |    51 ||    94

Table legend: (Time is in decaauts)
 A = Elapsed time spent in this place.
 B = Non-inter-level travel time spent in this place.
 C = Inter-level travel time spent in this place.
 D = Time resting spent in this place.
 E = Time spent auto-exploring this place.
 F = Levels seen in this place.
 G = Mean time per level.
                   A        B        C        D        E       F      G
               +--------+--------+--------+--------+--------+-----+--------+
         Total |   2628 |   2476 |    152 |      0 |   2124 |   4 |  657.0 |
       Dungeon |   2628 |   2476 |    152 |      0 |   2124 |   4 |  657.0 |
               +--------+--------+--------+--------+--------+-----+--------+

Top non-repeatable levels by time:
     D:2: 860 daAuts
     D:1: 776 daAuts
     D:3: 634 daAuts
     D:4: 357 daAuts
